Map: Eastwatch LE

Players

fruitcake - Winner!

  • Race: Terran Terran
  • Spawn Location: 7:00

A.I. 1 (Hard)

  • Race: Protoss Protoss
  • Spawn Location: 1:00

VOD

Have the link to the VOD?

Description

Time

  • Played on: May 5, 2018, 1:27 p.m.
  • Length: 11:11
Show
View Real Time Build Order
Export as new Build Order

fruitcake Terran - Winner!

Build Orders:  

Get SALT Encoding   

  12  0:00  SCV  
  13  0:13  Supply Depot  
  13  0:18  SCV  
  14  0:30  SCV  
  15  0:39  Barracks  
  15  0:42  SCV  
  16  0:54  SCV, Refinery  
  17  1:06  SCV  
  17  1:07  Barracks  
  18  1:18  SCV  
  19  1:28  Supply Depot  
  19  1:29  Marine  
  19  1:30  SCV  
  21  1:42  SCV  
  22  1:47  Marine  
  23  1:54  Orbital Command  
  23  2:06  Marine  
  23  2:07  Marine  
  25  2:19  Command Center  
  25  2:30  SCV  
  25  2:33  Barracks Tech Lab, Barracks Reactor  
  26  2:42  SCV  
  27  2:45  Supply Depot  
  27  2:54  SCV  
  27  2:56  Engineering Bay  
  27  2:57  Marine  
  29  3:16  Marauder  
  31  3:25  Barracks  
  31  3:33  Marine x2  
  33  3:35  SCV  
  33  3:36  Marine  
  33  3:37  SCV  
  36  3:43  Terran Infantry Weapons Level 1  
  36  3:50  Marine  
  36  3:51  Marine  
  36  3:55  Marauder  
  40  4:00  SCV  
  42  4:02  SCV  
  42  4:07  Supply Depot  
  42  4:08  Marine x2  
  44  4:13  SCV, Barracks Reactor  
  44  4:15  SCV  
  44  4:16  Marine, Stimpack  
  47  4:23  Refinery  
  47  4:26  SCV, Marine x2  
  47  4:27  SCV  
  51  4:34  Marauder  
  53  4:39  SCV  
  53  4:44  Marine x2  
  56  4:51  SCV  
  56  4:52  Marine x2  
  58  4:55  Marauder  
  61  5:02  Marine  
  62  5:09  Supply Depot  
  62  5:18  Supply Depot  
  62  5:30  Marine x4, SCV  
  62  5:31  Marauder  
  69  5:41  Bunker  
  69  5:48  Marine x4  
  73  5:50  Terran Infantry Armor Level 1  
  73  5:52  Marauder  
  75  6:04  Supply Depot  
  75  6:06  Marine x3  
  78  6:25  Marine x4, SCV  
  82  6:26  Marauder  
  82  6:28  Supply Depot  
  82  6:30  Barracks  
  85  6:34  Concussive Shells  
  85  6:37  SCV  
  86  6:43  Marine x3  
  86  6:44  Marine  
  81  6:47  Marauder  
  81  6:52  Supply Depot  
  62  7:01  Marine x4  
  67  7:08  Marauder  
  67  7:18  Marine x2  
  67  7:19  Marine x2  
  71  7:28  Marine  
  71  7:29  Marine  
  73  7:36  Marine x3  
  73  7:37  SCV, Marine  
  78  7:46  Marine  
  78  7:47  Marine  
  78  7:49  SCV  
  81  7:54  Marine x3  
  81  7:55  Marine  
  85  8:00  Command Center  
  85  8:03  Marine  
  85  8:05  Barracks, Marauder  
  88  8:12  Marine x3  
  91  8:13  Marine  
  92  8:24  Barracks Reactor  
  94  8:27  Marauder  
  94  8:30  Marine x3  
  94  8:31  Marine  
  98  8:41  SCV x2  
  100  8:48  Marine x2  
  102  8:53  Barracks  
  102  8:55  Supply Depot  
  102  9:02  Barracks Reactor  
  102  9:11  Marine x6, SCV x2  
  102  9:12  Marauder  
  112  9:20  Supply Depot  
  112  9:21  SCV  
  112  9:24  SCV  
  114  9:29  Marine x6  
  120  9:33  SCV, Marauder  
  123  9:40  Marine x2  
  123  9:41  Marine  
  123  9:42  Supply Depot  
  127  9:45  SCV  
  127  9:47  Marine x6  
  125  9:54  Marine  
  125  9:58  Marine x2  
  125  9:59  Marine  
  128  10:05  Marine x6  
  132  10:12  Marine  
  132  10:16  Marine x3  
  135  10:22  Marine x6  
  140  10:34  Marine  
  141  10:38  Supply Depot  
  141  10:48  Supply Depot  
  141  11:02  Supply Depot  
Show
View Real Time Build Order
Export as new Build Order

A.I. 1 (Hard) Protoss 

Build Orders: 1 Gate Expand 

Get SALT Encoding   

  12  0:00  Probe  
  13  0:13  Probe  
  14  0:20  Pylon  
  14  0:25  Probe  
  15  0:34  Probe  
  15  0:42  Probe  
  17  0:51  Gateway  
  17  1:09  Probe  
  17  1:11  Nexus  
  18  1:29  Pylon  
  18  1:31  Assimilator  
  18  1:39  Zealot  
  18  1:42  Cybernetics Core  
  18  1:43  Probe  
  21  1:55  Probe  
  22  2:05  Gateway  
  22  2:08  Probe  
  23  2:11  Stalker  
  23  2:14  Assimilator  
  23  2:22  Pylon  
  25  2:23  Probe  
  26  2:35  Warp Gate  
  26  2:36  Probe  
  27  2:38  Probe  
  28  2:48  Zealot, Probe  
  31  2:53  Probe  
  31  2:56  Sentry  
  32  3:04  Gateway  
  34  3:12  Zealot  
  36  3:28  Assimilator  
  36  3:33  Stalker  
  38  3:38  Probe  
  38  3:40  Probe  
  40  3:48  Stalker  
  40  3:50  Probe  
  40  3:52  Probe  
  40  3:54  Pylon  
  44  4:00  Probe  
  44  4:02  Forge  
  45  4:04  Sentry  
  47  4:10  Probe  
  47  4:11  Probe  
  49  4:18  Adept  
  49  4:23  Probe x2  
  52  4:26  Protoss Ground Armor Level 1  
  53  4:35  Probe x2  
  53  4:37  Zealot  
  56  4:40  Pylon  
  56  4:45  Probe  
  57  4:47  Probe  
  57  4:52  Zealot  
  60  4:57  Probe  
  60  4:59  Probe  
  62  5:02  Pylon  
  62  5:07  Zealot  
  62  5:09  Probe  
  62  5:11  Probe  
  67  5:21  Probe  
  67  5:22  Zealot  
  67  5:24  Probe  
  67  5:27  Pylon  
  70  5:33  Probe  
  71  5:37  Stalker  
  73  5:45  Probe  
  74  5:50  Pylon  
  74  5:52  Stalker  
  74  5:56  Photon Cannon  
  76  5:59  Photon Cannon  
  76  6:01  Pylon  
  76  6:05  Pylon  
  76  6:07  Stalker  
  76  6:09  Twilight Council, Probe  
  76  6:11  Protoss Ground Weapons Level 1  
  78  6:12  Probe  
  78  6:17  Probe  
  80  6:20  Robotics Facility  
  80  6:22  Sentry  
  80  6:23  Probe  
  84  6:32  Photon Cannon  
  84  6:37  Photon Cannon, Blink, Sentry  
  86  6:41  Stargate  
  76  6:52  Sentry  
  76  6:55  Assimilator  
  76  7:05  Forge  
  76  7:07  Adept  
  79  7:08  Observer  
  79  7:18  Probe  
  79  7:22  Zealot  
  83  7:30  Observer  
  83  7:37  Sentry  
  85  7:52  Zealot  
  87  8:07  Zealot  
  89  8:22  Zealot  
  91  8:37  Zealot  
  93  9:23  Nexus  
  93  9:40  Void Ray, Warp Prism  
  93  9:44  Gateway  
  99  9:46  Robotics Bay  
  99  9:50  Stalker, Robotics Facility  
  85  9:53  Stargate  
  85  9:57  Pylon  
  61  10:00  Stalker  
  63  10:10  Stalker  
  63  10:13  Photon Cannon  
  57  10:21  Stalker, Probe  
  46  10:22  Probe  
  46  10:25  Gateway  
  39  10:29  Photon Cannon  
  39  10:31  Probe  
  39  10:33  Probe  
  42  10:36  Pylon  
  42  10:37  Pylon  
  28  10:50  Assimilator  
Tags
 
Add a new tag
Caveats
  • Supply blocks, unpowered buildings, or Contaminate may cause inaccurate times.
  • Supply counts are checked every 10 seconds.